 Dungeon Crawl Stone Soup version 0.21.0-3-g78d12a8 (webtiles) character file.

4393 vatarom the Fighter (level 10, -1/82 HPs)
             Began as a Gnoll Wanderer on Jan 15, 2018.
             Slain by a two-headed ogre
             ... wielding a +0 giant club
              (2 damage)
             ... on level 10 of the Dungeon.
             The game lasted 00:21:17 (9621 turns).

vatarom the Fighter (Gnoll Wanderer)                Turns: 9621, Time: 00:21:18

Health: -1/82      AC: 10    Str: 14    XL:     10   Next: 35%
Magic:  17/17      EV: 15    Int: 16    God:
Gold:   527        SH:  5    Dex: 17    Spells: 16/19 levels left

rFire    . . .     SeeInvis .   a - +2 quarterstaff
rCold    . . .     Gourm    .   (shield currently unavailable)
rNeg     . . .     Faith    .   D - +0 leather armour
rPois    .         Spirit   .   v - +2 hat {MR+}
rElec    .         Reflect  +   l - +1 cloak
rCorr    +         Harm     .   p - +1 pair of gloves
MR       +....                  (no boots)
Stlth    ++++......             A - +5 amulet of reflection
HPRegen  0.23/turn              n - ring of resist corrosion
MPRegen  0.15/turn              (no ring)

@: no status effects
A: distributed training, fangs 1, strong nose
a: no special abilities


You were on level 10 of the Dungeon.
You were full.

You visited 2 branches of the dungeon, and saw 11 of its levels.
You also visited: Sewer.

You collected 527 gold pieces.

Inventory:

Hand Weapons
 a - a +2 quarterstaff (weapon)
 d - a +0 dagger
Missiles
 j - 3 tomahawks of returning (quivered)
Armour
 l - a +1 cloak (worn)
 p - a +1 pair of gloves (worn)
 v - a +2 hat of magic resistance (worn)
 D - a +0 leather armour (worn)
Jewellery
 c - a +3 ring of intelligence
 n - a ring of resist corrosion (left hand)
 o - an uncursed ring of fire
 A - a +5 amulet of reflection (around neck)
Wands
 t - a wand of paralysis (2)
 B - a wand of iceblast (9)
Scrolls
 g - 2 scrolls of teleportation
 q - a scroll of amnesia
 r - 8 scrolls of remove curse
Potions
 b - 3 potions of lignification
 h - 2 potions of resistance
 i - a potion of brilliance
 z - a potion of agility
Books
 u - a book of Misfortune

   Spells                             Type                      Level
   a - Confusing Touch                Hexes                        1
   b - Confuse                        Hexes                        3
   c - Gell's Gravitas                Translocation                3
   d - Petrify                        Transmutation/Earth          4
   e - Metabolic Englaciation         Hexes/Ice                    5
   f - Yara's Violent Unravelling     Hexes/Transmutation          5
 y - a book of Flames

   Spells                             Type                      Level
   a - Flame Tongue                   Conjuration/Fire             1
   b - Throw Flame                    Conjuration/Fire             2
   c - Conjure Flame                  Conjuration/Fire             3
   d - Inner Flame                    Hexes/Fire                   3
   e - Sticky Flame                   Conjuration/Fire             4
   f - Fireball                       Conjuration/Fire             5
Comestibles
 f - 7 rations


   Skills:
 + Level 8.4 Fighting
 + Level 5.1 Short Blades
 + Level 5.1 Long Blades
 + Level 5.1 Axes
 + Level 5.1 Maces & Flails
 + Level 5.1 Polearms
 + Level 5.8 Staves
 + Level 5.1 Slings
 + Level 5.1 Bows
 + Level 5.1 Crossbows
 + Level 5.1 Throwing
 + Level 5.1 Armour
 + Level 5.8 Dodging
 + Level 8.0 Stealth
 + Level 5.1 Shields
 + Level 5.1 Unarmed Combat
 + Level 5.1 Spellcasting
 + Level 4.2 Conjurations
 + Level 4.2 Hexes
 + Level 4.2 Charms
 + Level 4.2 Summonings
 + Level 4.2 Necromancy
 + Level 4.2 Translocations
 + Level 4.2 Transmutations
 + Level 4.2 Fire Magic
 + Level 4.2 Ice Magic
 + Level 4.2 Air Magic
 + Level 4.2 Earth Magic
 + Level 4.2 Poison Magic
 + Level 5.6 Invocations
 + Level 6.9 Evocations


You had 16 spell levels left.
You knew the following spells:

 Your Spells              Type           Power        Failure   Level  Hunger
a - Conjure Flame         Conj/Fire      ###.....     10%         3    ###....


Dungeon Overview and Level Annotations

Branches:
Dungeon (10/15)            Temple (1/1) D:4
   Lair: D:8-11         Orc: D:9-12

Altars:
Ashenzari
Dithmenos
Fedhas
Gozag
Hepliaklqana
Kikubaaqudgha
Makhleb
Nemelex Xobeh
Okawaru
Ru
Sif Muna
Trog
Uskayaw
Vehumet
Xom
Yredelemnul
Zin

Shops:
D:6 [[%*   D:7 [


Innate Abilities, Weirdness & Mutations

Your experience applies equally to all skills.
You have very sharp teeth.
Your uncanny sense of smell can sniff out nearby items.


Message History

You hit the two-headed ogre.
You bite the two-headed ogre, but do no damage.
The two-headed ogre is heavily wounded.
You sock the two-headed ogre!
The two-headed ogre is severely wounded.
The two-headed ogre closely misses you. The two-headed ogre misses you.
You sock the two-headed ogre!
You bite the two-headed ogre, but do no damage.
The two-headed ogre is almost dead.
The two-headed ogre hits you with a giant club!
* * * LOW HITPOINT WARNING * * *
The two-headed ogre hits you with a giant spiked club!
* * * LOW HITPOINT WARNING * * *
Unknown command.
Unknown command.
Okay, then.
You hit the two-headed ogre. Your bite misses the two-headed ogre.
The two-headed ogre is almost dead.
The two-headed ogre hits you with a giant club.
You die...

#... #...
#... ∆ #...
###### #...
#....# #...
#.<..#
#...##....#
#...@.....#
#...O.†...#
#.........#
#.........#
#...##....#
#... ####+#
..... ###'#


You could see a two-headed ogre.

Vanquished Creatures
  A centaur skeleton (D:8)
  A hippogriff (D:8)
  A wyvern (D:8)
  A hungry ghost (D:8)
  Edmund (D:4)
  A water moccasin (D:10)
  An orc warrior (D:7)
  An ice beast (D:8)
  2 necrophages
  An eye of draining (D:9)
  7 ogres
  A centaur (D:5)
  4 big kobolds
  3 bullfrogs
  A wyvern skeleton (D:9)
  A killer bee (D:9)
  7 howler monkeys
  A crimson imp (D:8)
  2 centaur zombies
  7 orc priests
  2 hounds
  3 jellies
  A gnoll shaman (D:9)
  Ijyb (D:3)
  3 iguanas
  7 orc wizards
  A hell rat (D:9)
  8 worker ants
  A killer bee zombie (D:8)
  A worker ant zombie (D:5)
  3 gnolls (D:8)
  23 adders
  5 river rats
  A shadow imp (D:6)
  7 oozes
  3 adder skeletons
  3 worms
  3 dart slugs
  5 leopard geckos
  34 orcs
  8 ball pythons
  14 bats
  4 giant cockroaches
  6 goblins
  4 hobgoblins
  17 jackals
  2 quokkas
  A frilled lizard (D:1)
  18 kobolds
  17 rats
251 creatures vanquished.

Vanquished Creatures (collateral kills)
  An orc (D:6)
1 creature vanquished.

Grand Total: 252 creatures vanquished

Notes
Turn   | Place    | Note
-------+----------+-------------------------------------------
     0 | D:1      | vatarom the Gnoll Wanderer began the quest for the Orb.
     0 | D:1      | vatarom set off with: a +2 quarterstaff, 2 potions of lignification, a +0 robe, a +0 dagger, a ration
     0 | D:1      | Reached XP level 1. HP: 23/23 MP: 3/3
   113 | D:1      | Reached XP level 2. HP: 24/29 MP: 5/5
   594 | D:1      | Reached XP level 3. HP: 31/35 MP: 6/6
  1176 | D:2      | Reached skill level 1 in Invocations
  1400 | D:2      | Reached skill level 1 in Short Blades
  1400 | D:2      | Reached skill level 1 in Long Blades
  1400 | D:2      | Reached skill level 1 in Axes
  1400 | D:2      | Reached skill level 1 in Maces & Flails
  1400 | D:2      | Reached skill level 1 in Polearms
  1400 | D:2      | Reached skill level 1 in Slings
  1400 | D:2      | Reached skill level 1 in Bows
  1400 | D:2      | Reached skill level 1 in Crossbows
  1400 | D:2      | Reached skill level 1 in Throwing
  1400 | D:2      | Reached skill level 1 in Armour
  1400 | D:2      | Reached skill level 1 in Shields
  1400 | D:2      | Reached skill level 1 in Unarmed Combat
  1400 | D:2      | Reached skill level 1 in Spellcasting
  1447 | D:2      | Reached XP level 4. HP: 37/41 MP: 7/7
  1982 | D:2      | Reached skill level 1 in Conjurations
  1982 | D:2      | Reached skill level 1 in Hexes
  1982 | D:2      | Reached skill level 1 in Charms
  1982 | D:2      | Reached skill level 1 in Summonings
  1982 | D:2      | Reached skill level 1 in Necromancy
  1982 | D:2      | Reached skill level 1 in Translocations
  1982 | D:2      | Reached skill level 1 in Transmutations
  1982 | D:2      | Reached skill level 1 in Fire Magic
  1982 | D:2      | Reached skill level 1 in Ice Magic
  1982 | D:2      | Reached skill level 1 in Air Magic
  1982 | D:2      | Reached skill level 1 in Earth Magic
  1982 | D:2      | Reached skill level 1 in Poison Magic
  2444 | D:3      | Reached XP level 5. HP: 40/47 MP: 8/8
  2676 | D:3      | Noticed Ijyb
  2692 | D:3      | Killed Ijyb
  2743 | D:3      | Found a shattered altar of Ashenzari.
  2977 | D:4      | Reached XP level 6. HP: 47/53 MP: 9/9
  3257 | D:4      | Found a glowing drain.
  3259 | D:4      | Reached skill level 5 in Evocations
  3284 | Sewer    | Entered a sewer
  3647 | Sewer    | Reached XP level 7. HP: 42/59 MP: 10/10
  4129 | D:4      | Noticed Edmund
  4138 | D:4      | Killed Edmund
  4149 | D:4      | Reached XP level 8. HP: 66/67 MP: 12/12
  4337 | D:4      | Found a staircase to the Ecumenical Temple.
  4347 | Temple   | Entered the Ecumenical Temple
  4552 | D:5      | Entered Level 5 of the Dungeon
  5589 | D:6      | Found a bloodstained altar of Trog.
  5596 | D:6      | Found Tejy's Armour Boutique.
  5615 | D:6      | Found Ykuzoik's Antique Armour Shop.
  5906 | D:6      | Found Xusum's Food Shop.
  5980 | D:6      | Found Vauqiog's General Store.
  6376 | D:7      | Reached XP level 9. HP: 50/72 MP: 14/14
  6426 | D:7      | Learned a level 3 spell: Conjure Flame
  6494 | D:7      | Found Qex Soti's Armour Shop.
  7526 | D:8      | Reached skill level 5 in Staves
  7526 | D:8      | Reached skill level 5 in Dodging
  7791 | D:8      | Reached skill level 5 in Invocations
  7847 | D:8      | Reached XP level 10. HP: 53/80 MP: 17/17
  8005 | D:8      | Got an iridescent falchion {freeze}
  8142 | D:8      | Identified the +6 falchion of Accidental Termination {freeze, +Fly} (You took it off a crimson imp on level 8 of the Dungeon)
  8331 | D:9      | Noticed a death yak
  8331 | D:9      | Noticed a death yak
  8375 | D:8      | Reached skill level 5 in Short Blades
  8375 | D:8      | Reached skill level 5 in Long Blades
  8375 | D:8      | Reached skill level 5 in Axes
  8375 | D:8      | Reached skill level 5 in Maces & Flails
  8375 | D:8      | Reached skill level 5 in Polearms
  8375 | D:8      | Reached skill level 5 in Slings
  8375 | D:8      | Reached skill level 5 in Bows
  8375 | D:8      | Reached skill level 5 in Crossbows
  8375 | D:8      | Reached skill level 5 in Throwing
  8375 | D:8      | Reached skill level 5 in Armour
  8375 | D:8      | Reached skill level 5 in Shields
  8375 | D:8      | Reached skill level 5 in Unarmed Combat
  8375 | D:8      | Reached skill level 5 in Spellcasting
  9228 | D:9      | HP: 1/82 [troll (4)]
  9255 | D:10     | Entered Level 10 of the Dungeon
  9259 | D:10     | HP: 3/82 [worker ant (2)]
  9265 | D:10     | HP: 2/82 [poisoned by a worker ant]
  9273 | D:10     | HP: 2/82 [poisoned by a worker ant]
  9607 | D:10     | Noticed a two-headed ogre
  9620 | D:10     | HP: 1/82 [two-headed ogre/giant club (10)]
  9621 | D:10     | Slain by a two-headed ogre

Skill      XL: |  1  2  3  4  5  6  7  8  9 10 |
---------------+-------------------------------+-----
Stealth        | 6 7 8 |  8.0
Invocations    | 1 2 3 4 5 |  5.6
Short Blades   | 1 2 3 4 5 |  5.1
Long Blades    | 1 2 3 4 5 |  5.1
Axes           | 1 2 3 4 5 |  5.1
Maces & Flails | 1 2 3 4 5 |  5.1
Polearms       | 1 2 3 4 5 |  5.1
Slings         | 1 2 3 4 5 |  5.1
Bows           | 1 2 3 4 5 |  5.1
Crossbows      | 1 2 3 4 5 |  5.1
Throwing       | 1 2 3 4 5 |  5.1
Armour         | 1 2 3 4 5 |  5.1
Shields        | 1 2 3 4 5 |  5.1
Unarmed Combat | 1 2 3 4 5 |  5.1
Spellcasting   | 1 2 3 4 5 |  5.1
Conjurations   | 1 2 3 4 |  4.2
Hexes          | 1 2 3 4 |  4.2
Charms         | 1 2 3 4 |  4.2
Summonings     | 1 2 3 4 |  4.2
Necromancy     | 1 2 3 4 |  4.2
Translocations | 1 2 3 4 |  4.2
Transmutations | 1 2 3 4 |  4.2
Fire Magic     | 1 2 3 4 |  4.2
Ice Magic      | 1 2 3 4 |  4.2
Air Magic      | 1 2 3 4 |  4.2
Earth Magic    | 1 2 3 4 |  4.2
Poison Magic   | 1 2 3 4 |  4.2
Staves         | 3 4 5 |  5.8
Dodging        | 3 4 5 |  5.8
Evocations     | 5 6 |  6.9
Fighting       | 7 8 |  8.4

Action                   |  1- 3 |  4- 6 |  7- 9 | 10-12 || total
-------------------------+-------+-------+-------+-------++-------
Melee: Quarterstaff      |   114 |   199 |   404 |   210 ||   927
       Bite              |    11 |    12 |    43 |    26 ||    92
       Falchion          |       |       |       |     9 ||     9
Throw: Tomahawk          |       |     8 |    52 |    28 ||    88
Evoke: Wand              |       |       |    15 |     1 ||    16
  Use: Scroll            |     6 |     2 |     5 |     5 ||    18
       Potion            |     1 |       |     6 |     7 ||    14
 Stab: Sleeping          |    10 |    10 |     5 |       ||    25
       Paralysed         |       |       |    18 |       ||    18
       Distracted        |       |       |     2 |     3 ||     5
  Eat: Chunk             |     2 |     5 |    10 |     1 ||    18
       Ration            |       |     2 |       |     3 ||     5
Armor: Robe              |    26 |    56 |    43 |       ||   125
       Leather armour    |       |       |    59 |    60 ||   119
       Skin              |       |       |       |    12 ||    12
Dodge: Dodged            |   102 |   115 |   284 |   147 ||   648
Block: Other             |       |       |    65 |    51 ||   116
       Reflection        |       |       |       |     2 ||     2
